 Dungeon Crawl Stone Soup version 0.17-a0-1324-ga541562 (webtiles) character file.

546 ololoev the Slasher (level 7, 0/52 HPs)
             Began as a Mummy Chaos Knight on June 9, 2015.
             Killed from afar by an orc wizard (10 damage)
             ... with a puff of flame
             ... on level 4 of the Dungeon.
             The game lasted 00:09:45 (4412 turns).

ololoev the Slasher (Mummy Chaos Knight)            Turns: 4412, Time: 00:09:46

Health: 0/52       AC:  9    Str: 17    XL:     7   Next: 6%
Magic:  7/7        EV: 14    Int: 12    God:    Xom [..*...]
Gold:   295        SH:  0    Dex: 11    Spells: 0 memorised, 6 levels left

rFire  . . .     SeeInvis .     a - +1 falchion (chaos)
rCold  + . .     Clarity  .     b - +2 leather armour
rNeg   + + +     SustAt   .     (no shield)
rPois  ∞         Gourm    .     j - +0 helmet
rElec  .         Spirit   .     e - +2 cloak
rCorr  .         Warding  .     (no gloves)
rMut   .         Stasis   .     (no boots)
MR     .....                    (no amulet)
Stlth  +.........               l - ring of protection from fire
                                f - +3 ring of evasion

@: not resistant to hostile enchantments, very unstealthy
A: no food or potions, fire vulnerability, cold resistance 1, negative energy
resistance 3, torment resistance, unbreathing
a: Renounce Religion


Innate Abilities, Weirdness & Mutations

You do not eat or drink.
Your flesh is vulnerable to fire.
You are immune to poison.
Your flesh is cold resistant.
You are immune to negative energy.
You are immune to unholy pain and torment.
You can survive without breathing.

Inventory:

Hand weapons
 a - a +1 falchion of chaos (weapon)
 m - a +0 long sword
Missiles
 h - 4 javelins of penetration (quivered)
Armour
 b - a +2 leather armour (worn)
 e - a +2 cloak (worn)
 j - a +0 helmet (worn)
Jewellery
 f - a +3 ring of evasion (left hand)
 l - a ring of protection from fire (right hand)
Magical devices
 g - a wand of flame (28)
Scrolls
 c - 2 scrolls of magic mapping
 d - 2 scrolls of identify
 i - 2 scrolls of enchant armour
 k - 2 scrolls of remove curse


   Skills:
 - Level 3.0 Fighting
 * Level 5.6 Long Blades
 + Level 3.9 Armour
 - Level 0.7 Dodging


You had 6 spell levels left.
You didn't know any spells.


You were on level 4 of the Dungeon.
You worshipped Xom.
You were a toy of Xom.
You were not hungry.

You visited 1 branch of the dungeon, and saw 4 of its levels.
You also visited: Sewer.

You collected 295 gold pieces.

....## #..###.######........# #..
.....####.##..###..........(###..
.......##.............#..........
...#......###...#####.##.....###.
...###...## ##.## #..##..### ##
........## ##.## ###....## ##
........## #..###.......#####.
...####..## #....o.)...........
#.## ##...### ##@.†.........##...
### ##≈.#...###)###........#####.
..###.≈.##.>....# ##........# ###
..≈##≈≈####....## ##...###.###..
#≈.≈#≈.####....## ##....# ##.....
#≈≈≈#≈.#..##....###....## ##....
#≈.≈#≈≈#...............# #....
#≈.≈#≈.#.....#.........# ##....
#≈.≈#≈≈#..#..#....#...## #..##.

Notes
Turn   | Place    | Note
--------------------------------------------------------------
     0 | D:1      | ololoev the Mummy Chaos Knight began the quest for the Orb.
     0 | D:1      | Reached XP level 1. HP: 18/18 MP: 1/1
     1 | D:1      | XOM: silly message
    13 | D:1      | XOM: god gift: 19 gold pieces
    26 | D:1      | XOM: noise
   303 | D:1      | Reached XP level 2. HP: 24/24 MP: 2/2
   405 | D:1      | XOM: mild Erth miscast
   599 | D:1      | XOM: noise
   950 | D:1      | XOM: harmless Conj miscast
   998 | D:2      | XOM: enchant monster (bad)
  1070 | D:2      | Found a glowing silver altar of Zin.
  1141 | D:2      | Reached XP level 3. HP: 29/29 MP: 3/3
  1216 | D:2      | XOM: colour smoke trail
  1559 | D:2      | XOM: smoke on damage
  1629 | D:3      | Noticed Robin
  1711 | D:2      | XOM: divination: detect creatures
  1836 | D:3      | Reached XP level 4. HP: 35/35 MP: 4/4
  1843 | D:3      | XOM: harmless Hex miscast
  2011 | D:3      | XOM: potion effect (agility)
  2020 | D:3      | Killed Robin
  2400 | D:3      | Found a deep blue altar of Sif Muna.
  2529 | D:3      | Found a shadowy altar of Dithmenos.
  2653 | D:3      | XOM: stat loss: -1 Int (10/11)
  2706 | D:4      | Reached skill level 4 in Long Blades
  2921 | D:4      | Reached XP level 5. HP: 37/41 MP: 5/5
  2948 | D:4      | Found a glowing drain.
  2991 | Sewer    | Entered a sewer
  3032 | Sewer    | Noticed Purgy
  3042 | Sewer    | Killed Purgy
  3042 | Sewer    | Reached XP level 6. HP: 37/47 MP: 6/6
  3164 | D:4      | Noticed Sigmund
  3322 | D:4      | XOM: medium Tloc miscast
  3323 | D:4      | Noticed a spatial vortex
  3323 | D:4      | Noticed a spatial vortex
  3323 | D:4      | Noticed a spatial vortex
  3324 | D:4      | XOM: butterfly on damage
  3536 | D:3      | XOM: stat loss: -1 Dex (10/11)
  3819 | D:4      | XOM: noise
  3821 | D:4      | XOM: divination: detect creatures
  3839 | D:4      | Killed Sigmund
  3839 | D:4      | Reached skill level 5 in Long Blades
  3898 | D:4      | XOM: confuse monster(s)
  4218 | D:4      | XOM: harmless Pois miscast
  4261 | D:4      | XOM: silly message
  4402 | D:4      | Reached XP level 7. HP: 27/52 MP: 7/7
  4412 | D:4      | Killed from afar by an orc wizard

Dungeon Overview and Level Annotations

Branches:
Dungeon (4/15)
 Temple: D:4-7

Altars:
Dithmenos
Sif Muna
Zin


Message History

The orc wizard barely misses you. Something hits you but does no damage.
You hit the orc priest.
You kill the orc priest!
You have reached level 7!
The orc hits you with a flail.
The orc wizard gestures at you while chanting.
The puff of frost hits you! You resist. Something hits you but does no damage.
You barely miss the orc wizard. The orc hits you with a flail.
The orc wizard misses you. Something hits you but does no damage.
You hit the orc wizard. You burn the orc wizard.
The orc wizard is heavily wounded.
The orc wizard gestures at you while chanting.
The puff of frost hits you! You resist. The orc hits you with a flail.
Something hits you.
You miss the orc wizard.
The orc wizard is heavily wounded.
The orc wizard hits you but does no damage.
Something hits you but does no damage. The orc hits you with a flail.
You hit the orc wizard. You burn the orc wizard.
The orc wizard is severely wounded.
The orc wizard casts a spell.
The orc wizard flickers and vanishes!
Something hits you but does no damage. The orc misses you.
You miss something. Something hits you but does no damage.
Something completely misses you.
You hit something but do no damage. The orc hits you with a flail.
Something hits you. Something barely misses you. The orc misses you.
You hear some strange, mumbled words.
Things that are here:
a club; a ring mail; an orc corpse A puff of frost appears from out of thin air!
The puff of frost hits something.
Reactivating autopickup.
You feel a bit more experienced.
A puff of flame appears from out of thin air!
Deactivating autopickup; reactivate with Ctrl-A.
The puff of flame hits you!
You die... "I guess I need a new plaything now."

You could see an orc.

Vanquished Creatures
  Sigmund (D:4)
  Purgy (Sewer)
  A scorpion (D:4)
  An orc priest (D:4)
  A hound (D:4)
  Robin (D:3)
  5 adders
  A shadow imp (D:4)
  3 oozes
  A worm (D:3)
  5 giant geckos
  3 orcs
  18 bats
  6 giant cockroaches
  12 hobgoblins
  6 kobolds
  3 ball pythons
  A ball python skeleton (D:4)
  2 giant newts (D:2)
  22 goblins
  7 jackals
  4 rats
105 creatures vanquished.

Vanquished Creatures (others)
  An orc (D:4)
1 creature vanquished.

Grand Total: 106 creatures vanquished

Action                   |  1- 3 |  4- 6 |  7- 9 || total
-------------------------+-------+-------+-------++-------
Melee: Falchion          |   194 |   203 |     6 ||   403
Evoke: Wand              |       |     9 |       ||     9
  Use: Scroll            |     5 |     4 |       ||     9
 Stab: Confused          |     1 |       |       ||     1
       Paralysed         |     2 |       |       ||     2
       Sleeping          |       |     1 |       ||     1

Vault maps used:
D:1:      dpeg_arrival_yet_another_circle
D:2:      zin_academy, first_bread, minmay_distorted
D:3:      nicolae_overflow_crystal_walls,
          nicolae_dithmenos_through_a_glass_darkly, uniq_robin
D:4:      gup_sewer_entry_pipe, uniq_sigmund
Sewer:    sewer_big_baddie
